 Dungeon Crawl Stone Soup version 0.29-a0-334-gb41bcbb86e (webtiles) character file.

Game seed: 16064599735130799281

11569 NateTC the Carver (level 11, -1/102 HPs)
             Began as a Minotaur Fighter on Apr 14, 2022.
             Was a High Priest of Okawaru.
             Slain by a six-headed hydra (10 damage)
             ... on level 10 of the Dungeon.
             The game lasted 00:46:03 (14611 turns).

NateTC the Carver (Minotaur Fighter)               Turns: 14611, Time: 00:46:04

Health: -1/102     AC: 24    Str: 25    XL:     11   Next: 51%
Magic:  12/14      EV: 11    Int:  5    God:    Okawaru [*****.]
Gold:   552        SH: 18    Dex: 10    Spells: 10/10 levels left

rFire   . . .      SeeInvis .   z - +0 flail (protect)
rCold   . . .      Faith    .   q - +2 tower shield
rNeg    . . .      Spirit   .   w - +0 plate armour
rPois   .          Reflect  .   (helmet restricted)
rElec   .          Harm     .   f - +1 cloak
rCorr   .          Rampage  .   (no gloves)
Will    .....                   (no boots)
Stlth   ..........              e - amulet of the acrobat
HPRegen 0.27/turn               j - +4 ring of evasion
MPRegen 0.14/turn               C - +4 ring of protection

@: mighty, heroic, studying Armour
A: horns 2, retaliatory headbutt
a: Renounce Religion, Heroism, Finesse, Duel


You were on level 10 of the Dungeon.
You worshipped Okawaru.
Okawaru was extremely pleased with you.
You visited 1 branch of the dungeon, and saw 11 of its levels.
You also visited: Bailey.

You collected 552 gold pieces.

Inventory:

Hand Weapons
 m - a +1 double sword
 z - a +0 flail of protection (weapon)
 D - the +2 great sword "Bingo" {vorpal, rElec rF+ rC+}
   (Okawaru gifted it to you in a bailey)

   It inflicts extra damage upon your enemies.
   rF:        It protects you from fire.
   rC:        It protects you from cold.
   rElec:     It insulates you from electricity.
Missiles
 o - 2 throwing nets (quivered)
Armour
 b - a +0 scale mail
 c - a +2 ring mail of poison resistance
 f - a +1 cloak (worn)
 q - a +2 tower shield (worn)
 r - +0 steam dragon scales
 w - a +0 plate armour (worn)
 A - +0 acid dragon scales
Jewellery
 d - the amulet "Giyfashri" {Harm rPois Regen+ Int+2 Dex-2}
   (You found it on level 4 of the Dungeon)

   [amulet of regeneration]

   Int:       It affects your intelligence (+2).
   Dex:       It affects your dexterity (-2).
   rPois:     It protects you from poison.
   Regen:     It increases your rate of health regeneration.
   Harm:      It increases damage dealt and taken.
 e - an amulet of the acrobat (around neck)
 i - a ring of magical power
 j - a +4 ring of evasion (left hand)
 y - the ring "Cogov" {rN+ Str+6}
   (You acquired it on level 8 of the Dungeon)

   [ring of strength]

   Str:       It affects your strength (+6).
   rN:        It protects you from negative energy.
 C - a +4 ring of protection (right hand)
Wands
 a - a wand of polymorph (14)
 p - a wand of digging (22)
 s - a wand of flame (9)
 v - a wand of iceblast (14)
Scrolls
 k - 3 scrolls of enchant armour
 u - 4 scrolls of identify
 x - 3 scrolls of enchant weapon
 F - 2 scrolls of teleportation
 G - a scroll of fog
 I - a scroll of summoning
Potions
 g - a potion of flight
 h - 5 potions of curing
 l - 3 potions of brilliance
 n - a potion of cancellation
 t - 2 potions of might
 B - 2 potions of haste
 E - a potion of lignification
 H - a potion of mutation
 J - 2 potions of invisibility
 K - a potion of attraction
Miscellaneous
 L - a condenser vane


   Skills:
 - Level 11.0(16.0) Fighting
 + Level 13.2(18.2) Long Blades
 - Level 4.4(9.4) Axes
 * Level 11.6(16.6) Armour
 - Level 2.3(7.3) Dodging
 - Level 7.2(12.2) Shields
 - Level 6.0 Invocations


You had 10 spell levels left.
You didn't know any spells.
Your spell library contained the following spells:

 Spells                   Type           Power      Damage    Failure   Level
 Magic Dart               Conj           0%         1d3       100%        1
 Slow                     Hex            0%         N/A       100%        1
 Searing Ray              Conj           0%         2d4       100%        2
 Static Discharge         Conj/Air       0%         N/A       100%        2
 Confusing Touch          Hex            0%         N/A       100%        3
 Vampiric Draining        Necr           0%         2d6       100%        3
 Dispel Undead            Necr           0%         3d6       100%        4
 Fulminant Prism          Conj/Hex       0%         3d6       100%        4
 Sticky Flame             Conj/Fire      0%         2d3       100%        4
 Storm Form               Tmut/Air       0%         N/A       100%        7
 Maxwell's Capacitive Co  Air            0%         ∞         100%        8
 Summon Lightning Spire   Summ/Air       Unusable   N/A       N/A         4

Dungeon Overview and Level Annotations

Branches:
Dungeon (11/15)            Temple (0/1) D:6          Bailey (visited)
   Lair: D:8-11         Orc: D:9-12

Altars:
Makhleb
Nemelex Xobeh
Okawaru
Ru
Trog
Uskayaw
Yredelemnul
Zin
The Shining One

Shops:
D:7 *[**

Annotations:
D:6 1 transporter


Innate Abilities, Weirdness & Mutations

You have a pair of horns on your head.
You reflexively headbutt those who attack you in melee.


Message History

You block the two-headed ogre's attack. The two-headed ogre closely misses you.
The six-headed hydra bites you!
* * * LOW HITPOINT WARNING * * *
You block the six-headed hydra's attack.
The six-headed hydra barely misses you.
The six-headed hydra closely misses you.
You block the six-headed hydra's attack.
The six-headed hydra bites you but does no damage.
You bludgeon the two-headed ogre!!
Your weapon exudes an aura of protection.
The two-headed ogre is almost dead.
The six-headed hydra misses you.
You block the six-headed hydra's attack.
The six-headed hydra bites you but does no damage.
You block the six-headed hydra's attack.
The six-headed hydra bites you but does no damage.
The six-headed hydra barely misses you.
The two-headed ogre hits you but does no damage.
The two-headed ogre barely misses you.
You barely miss the two-headed ogre.
The two-headed ogre is almost dead.
The six-headed hydra bites you but does no damage.
You block the six-headed hydra's attack. x2
The six-headed hydra closely misses you.
The six-headed hydra bites you but does no damage.
The six-headed hydra bites you.
* * * LOW HITPOINT WARNING * * *
You block the two-headed ogre's attack.
The two-headed ogre completely misses you.
You barely miss the two-headed ogre.
The two-headed ogre is almost dead.
The six-headed hydra bites you but does no damage. x2
You block the six-headed hydra's attack.
The six-headed hydra bites you but does no damage.
The six-headed hydra bites you.
* * * LOW HITPOINT WARNING * * *
The six-headed hydra barely misses you. The six-headed hydra bites you.
* * * LOW HITPOINT WARNING * * *
The six-headed hydra bites you!
You die...

##.## #.## ##.#......## #. ##.##
#..# ##..##....## ##. #..#
#..####.........# #.. ##.##
##...............#####.# #..#
##.......................
#..#####................#.....##
#......................#.......#
##...###...............##.......
#..## #......D@......##........
#.## #.......O................
#.# ##..............#.#.....#
#.# ##.............#.###.....
#.### #.........#...#..####....
##...###.#.....####..#....##....
##.###.)........#
##..#####...... #.##
###.......####..#.##...#....
..## ##.......###..#.#....###...


You could see a six-headed hydra and a two-headed ogre.

Vanquished Creatures
  Fannar (D:10)
  A two-headed ogre (D:10)
  An ugly thing (D:9)
  An oklob plant (D:6)
  A gargoyle (D:7)
  An unseen horror (D:7)
  Maggie (D:6)
  A troll (D:9)
  A hornet (D:9)
  Grinder (D:6)
  A shadow (D:10)
  Eustachio (D:6)
  A wraith (D:10)
  6 yaks
  2 wyverns
  A vampire (D:9)
  A steam dragon (D:9)
  Menkaure (D:7)
  Edmund (D:5)
  4 water moccasins
  Duvessa (D:4)
  12 orc warriors
  A sky beast (D:6)
  2 ice beasts
  2 ogres
  3 black bears
  6 centaurs
  2 kobold brigands (D:7)
  Blork the orc (D:4)
  4 bullfrogs
  A necrophage (D:6)
  A gnoll sergeant (D:11)
  3 scorpions (D:4)
  12 wights
  Dowan (D:4)
  14 killer bees
  4 howler monkeys
  A gnoll shaman (D:7)
  6 jellies
  2 orc priests
  3 hounds
  5 iguanas
  Ijyb (D:4)
  6 orc wizards
  12 gnolls
  11 adders
  A shadow imp (D:5)
  3 white imps
  2 ufetubi
  A worm (D:2)
  2 dart slugs (D:3)
  44 orcs
  18 endoplasms
  2 giant cockroaches
  20 goblins
  16 hobgoblins
  4 jackals
  2 quokkas (D:4)
  4 ball pythons
  4 bats
  A frilled lizard (D:2)
  13 kobolds
  2 rats
285 creatures vanquished.

Vanquished Creatures (others)
  33 fungi
  28 plants
61 creatures vanquished.

Grand Total: 346 creatures vanquished

Notes
Turn   | Place    | Note
-------+----------+-------------------------------------------
     0 | D:1      | NateTC the Minotaur Fighter began the quest for the Orb.
     0 | D:1      | Reached XP level 1. HP: 19/19 MP: 0/0
   214 | D:1      | Found a faded altar of an unknown god.
   255 | D:1      | Reached XP level 2. HP: 22/26 MP: 1/1
   904 | D:2      | Reached XP level 3. HP: 31/31 MP: 2/2
  1477 | D:3      | Reached skill level 1 in Long Blades
  1662 | D:3      | Found a hide-covered altar of Uskayaw.
  1794 | D:3      | Reached skill level 2 in Long Blades
  2272 | D:4      | Reached XP level 4. HP: 36/39 MP: 3/3
  2322 | D:4      | Found a basalt altar of Yredelemnul.
  2322 | D:4      | Noticed Blork the orc
  2334 | D:4      | Killed Blork the orc
  2335 | D:4      | Reached skill level 4 in Long Blades
  2335 | D:4      | Reached XP level 5. HP: 35/45 MP: 4/4
  2335 | D:4      | Noticed a profane servitor
  2409 | D:4      | Found a glowing golden altar of the Shining One.
  2411 | D:4      | Noticed an angel
  2522 | D:4      | Found a bloodstained altar of Trog.
  2645 | D:4      | Noticed Ijyb
  2654 | D:4      | Killed Ijyb
  2655 | D:4      | Reached skill level 5 in Long Blades
  2698 | D:4      | Found an iron altar of Okawaru.
  2707 | D:4      | Became a worshipper of Warmaster Okawaru
  2954 | D:4      | Reached skill level 6 in Long Blades
  2954 | D:4      | Reached XP level 6. HP: 21/51 MP: 5/5
  3176 | D:4      | Reached skill level 7 in Long Blades
  3182 | D:4      | Reached * piety under Okawaru
  3189 | D:4      | Reached XP level 7. HP: 34/56 MP: 6/6
  3195 | D:4      | Reached skill level 8 in Long Blades
  3333 | D:4      | Noticed Dowan
  3339 | D:4      | Noticed Duvessa
  3342 | D:4      | Killed Dowan
  3371 | D:4      | Killed Duvessa
  3372 | D:4      | Reached skill level 5 in Shields
  3590 | D:4      | Identified the amulet "Giyfashri" {Harm rPois Regen+ Int+2
                  | Dex-2}
  3671 | D:4      | Reached ** piety under Okawaru
  3966 | D:4      | Identified the +4 hunting sling of Noaxas {venom, Contam
                  | +Blink Str+6}
  3987 | D:4      | Reached skill level 9 in Long Blades
  3987 | D:4      | Reached XP level 8. HP: 64/64 MP: 7/7
  4013 | D:5      | Entered Level 5 of the Dungeon
  4013 | D:5      | Noticed Edmund
  4028 | D:5      | Killed Edmund
  5847 | D:6      | Reached skill level 5 in Fighting
  5847 | D:6      | Reached skill level 5 in Armour
  5957 | D:6      | Found a glowing silver altar of Zin.
  5958 | D:6      | Noticed an angel
  5998 | D:6      | Found a staircase to the Ecumenical Temple.
  6017 | D:6      | Found a burning altar of Makhleb.
  6046 | D:6      | Noticed an oklob plant
  6099 | D:6      | Reached *** piety under Okawaru
  6527 | D:6      | Noticed Eustachio
  6548 | D:6      | Killed Eustachio
  6549 | D:6      | Reached XP level 9. HP: 76/78 MP: 8/8
  6612 | D:6      | Found a sparkling altar of Nemelex Xobeh.
  6613 | D:6      | Found a transporter.
  6852 | D:6      | Noticed Grinder
  6868 | D:6      | Paralysed by Grinder for 5 turns
  6876 | D:6      | Killed Grinder
  7012 | D:6      | Noticed Maggie
  7038 | D:6      | Killed Maggie
  7390 | D:6      | Killed an oklob plant
  7390 | D:6      | Reached **** piety under Okawaru
  7760 | D:7      | Found Lyigy's General Store.
  7762 | D:7      | Found Loewn's General Store.
  7764 | D:7      | Found Veaxixuwe's Armour Boutique.
  7882 | D:7      | Found Poetup's Lightly-Used Armoury.
  7909 | D:7      | Noticed a gargoyle
  7928 | D:7      | Killed a gargoyle
  7929 | D:7      | Reached skill level 10 in Fighting
  7932 | D:7      | Reached skill level 10 in Long Blades
  7971 | D:7      | Killed an unseen horror
  7972 | D:7      | Reached XP level 10. HP: 51/94 MP: 9/9
  8273 | D:7      | Noticed Menkaure
  8284 | D:7      | Killed Menkaure
  9070 | D:7      | Reached skill level 11 in Long Blades
  9514 | D:8      | Reached skill level 1 in Invocations
  9690 | D:8      | Reached ***** piety under Okawaru
 10161 | D:8      | Identified a scroll of acquirement
 10161 | D:8      | Acquired the ring "Cogov" {rN+ Str+6}
 10199 | D:9      | Reached skill level 10 in Armour
 10217 | D:9      | Reached skill level 5 in Invocations
 10389 | D:9      | Found a flagged portal.
 10413 | Bailey   | Entered a bailey
 10572 | Bailey   | Identified the +2 great sword "Bingo" {vorpal, rElec rF+
                  | rC+} (Okawaru gifted it to you in a bailey)
 10572 | Bailey   | Received a gift from Okawaru
 10979 | Bailey   | Reached XP level 11. HP: 64/101 MP: 14/14
 11214 | D:9      | Noticed a purple ugly thing
 11235 | D:9      | Killed a purple ugly thing
 11236 | D:9      | Reached skill level 12 in Long Blades
 11697 | D:9      | Found a sacrificial altar of Ru.
 12354 | D:10     | Entered Level 10 of the Dungeon
 12411 | D:10     | Reached skill level 1 in Dodging
 12711 | D:10     | Noticed Fannar
 12763 | D:10     | HP: 3/102 [Fannar/bolt of cold (4)]
 13122 | D:10     | Killed Fannar
 13423 | D:10     | Noticed a two-headed ogre
 13430 | D:10     | Killed a two-headed ogre
 13431 | D:10     | Reached skill level 13 in Long Blades
 14406 | D:11     | Noticed a six-headed hydra
 14407 | D:11     | Noticed a two-headed ogre
 14611 | D:10     | Slain by a six-headed hydra

Illustrated notes

Levels and vault maps discovered:
D:1:      giann_wishing_wells, layout_rooms,
          shapermc_ecumenical_altar_starsandcircs
D:2:      layout_rooms, serial_aquarium, aquarium_bridge_island_small
          [aquarium_subvault_small_open, aquarium_subvault_bridge,
          aquarium_subvault_bridge, aquarium_subvault_bridge,
          aquarium_subvault_balcony], aquarium_window_corner, aquarium_window_1,
          aquarium_window_1, aquarium_window_corridor_1, aquarium_view_2b,
          kennysheep_generic_room_3
D:3:      layout_basic, nicolae_uskayaw_suspiria
D:4:      minmay_octagon_keep, layout_gridville, grunt_temple_overflow_holy_war,
          trog_hazing_becter, lemuel_crystal_altar, uniq_blork_the_orc,
          uniq_duvessa, uniq_ijyb
D:5:      layout_layer_cave, uniq_edmund
D:6:      lemuel_slime, layout_loops_corners, grunt_nemelex_the_gamble,
          zin_angel, bloody_makhleb, temple_green, kennysheep_path_1,
          uniq_eustachio, uniq_maggie, uniq_grinder
D:7:      cheibrodos_quashed, layout_loops_cross, minmay_shop_damaged,
          nicolae_wooded_promenade, minmay_manual_moon, uniq_menkaure
D:8:      layout_rooms, hangedman_abyss_or_decor_jellyfish_corner,
          minmay_misc_feat_pillars, dk_noncrumbling_4, wad_dig_loot
D:9:      layout_gridville, lemuel_coloured_pillars_altar, enter_bailey_5,
          kennysheep_boxes
D:10:     layout_layer_cave, uniq_fannar
D:11:     layout_rooms, due_lair_maze_entry_diamond, serial_shops,
          nicolae_shop_stone

Skill      XL: |  1  2  3  4  5  6  7  8  9 10 11 |
---------------+----------------------------------+-----
Axes           | 3 4 |  4.4
Long Blades    | 2 4 6 7 9 10 11 13 | 13.2
Shields        | 6 7 |  7.2
Armour         | 6 7 10 11 | 11.6
Fighting       | 6 10 11 | 11.0
Invocations    | 6 |  6.0
Dodging        | 2 |  2.3

Action                   |  1- 3 |  4- 6 |  7- 9 | 10-12 || total
-------------------------+-------+-------+-------+-------++-------
Melee: War axe           |    29 |       |       |       ||    29
       Headbutt          |     5 |    11 |    56 |    94 ||   166
       Double sword      |    52 |    86 |   304 |   401 ||   843
       Great sword       |       |       |       |    36 ||    36
       Flail             |       |       |       |     8 ||     8
Invok: Heroism           |       |       |       |     4 ||     4
  Use: Scroll            |     8 |       |     8 |    12 ||    28
       Potion            |       |     2 |     2 |     5 ||     9
Armor: Scale mail        |    51 |    26 |     8 |       ||    85
       Ring mail         |       |       |     4 |       ||     4
       Plate armour      |       |       |    82 |   294 ||   376
Dodge: Dodged            |    58 |    48 |   109 |   193 ||   408
Block: Buckler           |    18 |    10 |       |       ||    28
       Tower shield      |       |    24 |   227 |   501 ||   752

Table legend: (Time is in decaauts)
 A = Elapsed time spent in this place.
 B = Non-inter-level travel time spent in this place.
 C = Inter-level travel time spent in this place.
 D = Time resting spent in this place.
 E = Time spent auto-exploring this place.
 F = Levels seen in this place.
 G = Mean time per level.
                   A        B        C        D        E       F      G
               +--------+--------+--------+--------+--------+-----+--------+
         Total |  14901 |  14518 |    383 |   4761 |   6048 |  12 | 1241.8 |
       Dungeon |  14138 |  13755 |    383 |   4286 |   6012 |  11 | 1285.3 |
        Bailey |    763 |    763 |      0 |    475 |     36 |   1 |  763.0 |
               +--------+--------+--------+--------+--------+-----+--------+

Top non-repeatable levels by time:
     D:6: 2215 daAuts
     D:7: 1849 daAuts
    D:10: 1839 daAuts
     D:4: 1817 daAuts
     D:9: 1770 daAuts
     D:5: 1536 daAuts
     D:3: 879 daAuts
  Bailey: 763 daAuts
     D:1: 735 daAuts
     D:8: 703 daAuts
     D:2: 672 daAuts
    D:11: 118 daAuts
